[Event "Team 45 45 League T41"]
[Site "Internet Chess Club"]
[Date "2009.05.14"]
[Round "3"]
[White "chips"]
[Black "ars-felidae"]
[Result "0-1"]
[WhiteElo "1178"]
[BlackElo "1224"]
[Opening "Konstantinopolsky opening"]
[ECO "A04"]
[Time "07:39:27"]
[TimeControl "2700+45"]

1. Nf3 Nc6 2. g3 e5 3. e4 Nf6 4. d3 d5 5. exd5 Nxd5 6. Bg2 Bg4 7. O-O Bc5 8. c3
O-O 9. Qb3 Na5 10. Qb5 b6 11. Nxe5 a6 12. Qa4 Be6 13. Nc6 Qd7 14. Ne7+ Qxe7 15.
b4 Bd7 16. Qd1 Nxc3 17. Nxc3 Bxb4 18. Bxa8 Rxa8 19. Nd5 Qe5 20. Nxc7 Qxc7 21.
Bf4 Qc6 22. Qc1 Qf3 23. Qe3 Qd5 24. Qxb6 Bh3 25. f3 Bc5+ {White resigns} 0-1

[Event "Team 45 45 League T41"]
[Site "Internet Chess Club"]
[Date "2009.05.16"]
[Round "3"]
[White "Daidalos"]
[Black "Rhayder"]
[Result "1-0"]
[WhiteElo "1129"]
[BlackElo "1149"]
[Opening "King's Indian defense, 3.Nc3"]
[ECO "E61"]
[Time "12:04:53"]
[TimeControl "2700+45"]

1. c4 Nf6 2. Nc3 g6 3. d4 Bg7 4. e3 O-O 5. Be2 d6 6. b4 e5 7. Nf3 Nc6 8. Ba3
exd4 9. exd4 Re8 10. O-O Ne4 11. Nxe4 Rxe4 12. Rc1 Nxd4 13. Re1 Nxe2+ 14. Rxe2
Rxe2 15. Qxe2 Bg4 16. h3 Bxf3 17. Qxf3 Qf6 18. Qxb7 Re8 19. Qxa7 Re2 20. Qb8+
Bf8 21. Qa7 Bh6 22. Rf1 Rxa2 23. Qa8+ Kg7 24. Qa4 Ra1 25. Qb3 Rxf1+ 26. Kxf1
Qa1+ 27. Ke2 Qe5+ 28. Kd1 Qd4+ 29. Ke2 Qd2+ 30. Kf3 Qf4+ 31. Ke2 Qe4+ 32. Kf1
Bd2 33. Qb2+ f6 34. Qxd2 Qxc4+ 35. Kg1 Qb3 36. Bc1 Qc4 37. Qh6+ Kh8 38. Qf8+ Qg8
39. Qxf6+ Qg7 40. Qxg7+ Kxg7 41. Bb2+ Kf7 42. g4 Ke6 43. f4 Kd5 44. Bc3 Kc4 45.
Be1 d5 46. Kf2 d4 47. Kf3 Kd3 48. b5 h6 49. h4 Kc4 50. Ke4 Kc5 51. Kd3 Kd5 52.
Bd2 Kc5 53. g5 hxg5 54. hxg5 Kd5 55. Ba5 c6 56. bxc6 Kxc6 57. Kxd4 Kd6 58. Ke4
Ke6 59. Bb4 Kf7 60. Ke5 Kg7 61. Ke6 Kh7 62. Bc3 Kg8 63. Kf6 Kh7 64. f5 Kg8 65.
Kxg6 Kf8 66. Kh7 Kf7 67. g6+ Kf8 68. g7+ Kf7 69. g8=Q+ {Black resigns} 1-0

[Event "Team 45 45 League T41"]
[Site "Internet Chess Club"]
[Date "2009.05.24"]
[Round "3"]
[White "Walker42"]
[Black "Juan73"]
[Result "0-1"]
[WhiteElo "1672"]
[BlackElo "1653"]
[Opening "Ruy Lopez: Bird's defense"]
[ECO "C61"]
[Time "20:01:41"]
[TimeControl "2700+45"]

1. e4 e5 2. Nf3 Nc6 3. Bb5 Nd4 4. Nxd4 exd4 5. c3 Bc5 6. Bc4 Qf6 7. O-O Nh6 8.
e5 Qh4 9. d3 Ng4 10. Bf4 dxc3 11. Nxc3 Nxf2 12. Qf3 Nxd3+ 13. Be3 Bxe3+ 14. Qxe3
Qxc4 15. e6 dxe6 16. Rad1 Nxb2 17. Qf2 O-O 18. Qxb2 Qc6 19. Rd4 Qb6 20. Qxb6
axb6 21. Rfd1 f6 22. Rd8 Rxd8 23. Rxd8+ Kf7 24. Rh8 h6 25. Nb5 Ke7 26. Nxc7 Rxa2
27. Rxc8 Kd7 28. Ra8 Rxa8 29. Nxa8 Kc6 30. Kf2 b5 31. Ke3 b6 32. Kd3 Kb7 33. Kc3
Kxa8 34. Kb4 Kb7 35. Kxb5 Kc7 36. g3 g6 37. h4 g5 38. hxg5 hxg5 39. Kb4 Kc6 40.
Kc4 f5 41. Kd4 b5 42. Kd3 Kd5 43. Kc3 e5 44. Kb4 e4 45. Kc3 f4 46. gxf4 gxf4 47.
Kd2 f3 48. Ke3 b4 49. Kf2 b3 50. Ke1 b2 {White resigns} 0-1

[Event "Team 45 45 League T41"]
[Site "Internet Chess Club"]
[Date "2009.05.17"]
[Round "3"]
[White "PANAMA-REY"]
[Black "imawesome"]
[Result "0-1"]
[WhiteElo "1306"]
[BlackElo "1513"]
[Opening "Sicilian: closed"]
[ECO "B23"]
[Time "10:00:13"]
[TimeControl "2700+45"]

1. e4 c5 2. Nc3 g6 3. Bc4 Nc6 4. a3 Bg7 5. Nge2 e6 6. d3 Nge7 7. Bf4 O-O 8. O-O
d5 9. Ba2 b6 10. Qd2 Ba6 11. Bh6 Ne5 12. Bxg7 Kxg7 13. f4 N5c6 14. f5 exf5 15.
exf5 Nxf5 16. Bxd5 Rc8 17. Nf4 Re8 18. Rae1 Nce7 19. Be4 Nd6 20. Qf2 Nxe4 21.
Nxe4 Nf5 22. Qf3 Qd4+ 23. Kh1 Qxb2 24. g4 Nd4 25. Qg3 Nxc2 26. Re2 Rcd8 27. Rd2
Rxe4 28. Qf3 Qe5 29. Rxc2 Re3 30. Qf2 Bb7+ 31. Kg1 Rf3 32. Re2 Qxf4 33. Qg2
Rxf1+ 34. Qxf1 Qxf1+ 35. Kxf1 Ba6 {White resigns} 0-1

[Event "Team 45 45 League T41"]
[Site "Internet Chess Club"]
[Date "2009.05.17"]
[Round "3"]
[White "Zappy"]
[Black "arriero55"]
[Result "0-1"]
[WhiteElo "1521"]
[BlackElo "1465"]
[Opening "Sicilian: Najdorf, Byrne (English) attack"]
[ECO "B90"]
[Time "12:47:41"]
[TimeControl "2700+45"]

1. e4 c5 2. Nf3 d6 3. d4 cxd4 4. Nxd4 Nf6 5. Nc3 a6 6. Be3 Nc6 7. Be2 e6 8. O-O
Be7 9. h3 Nxd4 10. Bxd4 e5 11. Be3 Be6 12. Re1 O-O 13. Bf3 Rc8 14. Nd5 Nxd5 15.
exd5 Bd7 16. c3 f5 17. Qb3 b5 18. Rec1 f4 19. Bd2 Bg5 20. Be4 Rc4 21. Qc2 h6 22.
b3 Rc8 23. Qd3 Qf6 24. c4 Rb8 25. Re1 Rbc8 26. Bb4 Bh4 27. Bf3 Bf5 28. Qe2 Qg6
29. Kf1 Bd3 {White resigns} 0-1

[Event "Team 45 45 League T41"]
[Site "Internet Chess Club"]
[Date "2009.05.17"]
[Round "3"]
[White "b-spot"]
[Black "budugu"]
[Result "0-1"]
[WhiteElo "1695"]
[BlackElo "1609"]
[Opening "Modern defense: Averbakh system"]
[ECO "A40"]
[Time "13:35:20"]
[TimeControl "2700+45"]

1. d4 g6 2. c4 d6 3. Nc3 Bg7 4. e4 c5 5. d5 Nf6 6. Bd3 O-O 7. h3 Bd7 8. Nf3 e6
9. O-O exd5 10. cxd5 a6 11. a4 Be8 12. Bf4 Nh5 13. Bg5 Bf6 14. Be3 Nd7 15. Be2
Bg7 16. Nd2 Nhf6 17. Nc4 Nb6 18. Nd2 Nfd7 19. a5 Nc8 20. Nc4 b5 21. axb6 Ndxb6
22. Nd2 a5 23. f4 a4 24. e5 Qe7 25. Nde4 Nd7 26. Nxa4 f5 27. Nxd6 Nxd6 28. Nxc5
Rxa1 29. Qxa1 Nxe5 30. Ne6 Nd7 31. Bc1 Rf6 32. Qa3 Nb6 33. Nxg7 Qxe2 34. Nxe8
Nxe8 35. Qb3 Qc4 36. Qxc4 Nxc4 37. Re1 Kf7 38. Be3 Nxe3 39. Rxe3 Rd6 40. Rd3 Nc7
41. g4 Rxd5 42. Rb3 Rb5 43. Rxb5 Nxb5 44. Kf2 Ke6 45. Ke3 Kd5 46. gxf5 gxf5 47.
Kf3 Nd4+ 48. Ke3 Ne6 49. h4 h5 {White resigns} 0-1

[Event "Team 45 45 League T41"]
[Site "Internet Chess Club"]
[Date "2009.05.17"]
[Round "3"]
[White "jacknor"]
[Black "civilization"]
[Result "0-1"]
[WhiteElo "1577"]
[BlackElo "1662"]
[Opening "Sicilian: closed"]
[ECO "B23"]
[Time "15:04:09"]
[TimeControl "2700+45"]

1. e4 c5 2. Nc3 e6 3. f4 a6 4. g3 Nc6 5. Bg2 Nge7 6. Nf3 d5 7. e5 g6 8. O-O Bg7
9. Rb1 b5 10. b3 O-O 11. d4 Qb6 12. Be3 cxd4 13. Nxd4 Nxd4 14. Bxd4 Qc7 15. Ne2
Nf5 16. Bf2 Bb7 17. Nd4 Nxd4 18. Bxd4 Rfc8 19. c3 Bf8 20. Rc1 Bc5 21. Qd2 Qb6
22. b4 Bxd4+ 23. Qxd4 Qxd4+ 24. cxd4 Kg7 25. Rc5 Rxc5 26. dxc5 Bc6 27. Kf2 a5
28. a3 axb4 29. axb4 Ra2+ 30. Kg1 Rb2 31. Ra1 Rxb4 32. Ra6 Be8 33. Ra8 Kf8 34.
Bf1 Ra4 35. Rb8 b4 36. c6 Ra7 37. Bb5 Rc7 38. Ba4 Ke7 39. Rb7 Kd8 40. Rb8+ Rc8
41. Rb7 Bxc6 42. Bxc6 Rxc6 43. Rxb4 Ke7 44. Rb7+ Kf8 45. Rb8+ Kg7 46. Rd8 h5 47.
Rd6 Rxd6 48. exd6 Kf8 49. Kf2 Ke8 50. Ke3 Kd7 51. Kd4 Kxd6 52. h3 f6 53. g4 e5+
54. Ke3 Ke6 55. Kf3 hxg4+ 56. hxg4 f5 {White resigns} 0-1

[Event "Team 45 45 League T41"]
[Site "Internet Chess Club"]
[Date "2009.05.16"]
[Round "3"]
[White "knight2f3"]
[Black "Makaen"]
[Result "0-1"]
[WhiteElo "1479"]
[BlackElo "1540"]
[Opening "Catalan: closed, Qc2 & b3"]
[ECO "E08"]
[Time "14:41:03"]
[TimeControl "2700+45"]

1. d4 d5 2. Nf3 Nf6 3. c4 e6 4. g3 Be7 5. Bg2 c6 6. Qc2 Nbd7 7. O-O O-O 8. b3 b6
9. Rd1 Ba6 10. Nbd2 Bb4 11. e4 dxe4 12. Nxe4 Nxe4 13. Qxe4 Nf6 14. Qxc6 Rc8 15.
Qa4 Bc3 16. Rb1 Bb7 17. Bg5 Be4 18. Nd2 Bxb1 19. Nxb1 Bxd4 20. Be3 Qe7 21. Rxd4
Rfd8 22. Nc3 Rxd4 23. Bxd4 Rd8 24. Ne2 e5 25. Bc3 Rd1+ 26. Bf1 Ne4 27. b4 Nxc3
28. Nxc3 Rd8 29. Bg2 g6 30. Bd5 Kg7 31. Nb5 a6 32. Qxa6 Qxb4 33. Qxb6 Qe1+ 34.
Kg2 Rxd5 35. cxd5 Qe4+ 36. Kg1 Qe1+ 37. Kg2 Qe4+ 38. f3 Qe2+ 39. Qf2 Qxb5 40. d6
Qd5 41. a4 Qxd6 42. Qa2 Qa6 43. a5 Kf6 44. Qd5 Qe2+ 45. Kh3 Qf1+ 46. Kg4 h5+ 47.
Kh4 g5+ 48. Kxh5 Qh3# {White checkmated} 0-1

[Event "Team 45 45 League T41"]
[Site "Internet Chess Club"]
[Date "2009.05.14"]
[Round "3"]
[White "UriahHeep"]
[Black "Mutaant"]
[Result "1-0"]
[WhiteElo "1359"]
[BlackElo "1423"]
[Opening "Ruy Lopez: classical (Cordel) defense"]
[ECO "C64"]
[Time "20:02:22"]
[TimeControl "2700+45"]

1. e4 e5 2. Nf3 Nc6 3. Bb5 Bc5 4. O-O Qf6 5. d3 h6 6. Be3 Bb6 7. c3 Nge7 8. Nbd2
O-O 9. b4 d6 10. h3 Qg6 11. Kh1 Bxe3 12. fxe3 Qg3 13. Qe1 Qg6 14. Nh4 Qh5 15.
Nf5 Bxf5 16. exf5 Qg5 17. Qf2 Nd5 18. Ne4 Qxe3 19. Qh4 Nf4 20. f6 Nxd3 21. Rf3
Qb6 22. Bxd3 d5 23. fxg7 Kxg7 24. Rf6 Qe3 25. Re1 Qg5 26. Nxg5 {Black resigns}
1-0

[Event "Team 45 45 League T41"]
[Site "Internet Chess Club"]
[Date "2009.05.17"]
[Round "3"]
[White "lawth3"]
[Black "milesotoole"]
[Result "0-1"]
[WhiteElo "1136"]
[BlackElo "1260"]
[Opening "Scotch: Schmidt variation"]
[ECO "C45"]
[Time "18:26:17"]
[TimeControl "2700+45"]

1. e4 e5 2. Nf3 Nc6 3. d4 exd4 4. Nxd4 Nf6 5. Nc3 Bb4 6. Nxc6 bxc6 7. Bd2 Bxc3
8. Bxc3 O-O 9. Bd3 Re8 10. Qe2 Qe7 11. f3 d5 12. e5 Nh5 13. g4 Nf4 14. Qd2 Nxd3+
15. Qxd3 f6 16. O-O-O fxe5 17. Rde1 d4 18. Bd2 Qf7 19. Kb1 Rb8 20. h4 Be6 21. b3
Rb7 22. Rxe5 Reb8 23. Qxd4 Bxb3 24. axb3 Rxb3+ 25. cxb3 Qxb3+ 26. Kc1 Qb1#
{White checkmated} 0-1

[Event "Team 45 45 League T41"]
[Site "Internet Chess Club"]
[Date "2009.05.14"]
[Round "3"]
[White "Newcastler"]
[Black "KingOfHearts"]
[Result "0-1"]
[WhiteElo "1206"]
[BlackElo "1313"]
[Opening "Queen's gambit accepted"]
[ECO "D20"]
[Time "20:00:45"]
[TimeControl "2700+45"]

1. d4 d5 2. c4 dxc4 3. g3 Bf5 4. Qa4+ b5 5. Qxb5+ Bd7 6. Qxc4 Nc6 7. Bg2 Na5 8.
Qc3 c6 9. Bd2 Nb7 10. Bxc6 Rc8 11. Bxd7+ Qxd7 12. Qd3 e6 13. Nf3 Nf6 14. Nc3 Bb4
15. Ne5 Qe7 16. Qb5+ Nd7 17. Qxb7 Rb8 18. Qxd7+ Qxd7 19. Nxd7 Kxd7 20. b3 Rbc8
21. O-O Bxc3 22. Bxc3 Rxc3 23. b4 Rc2 24. Rfe1 Rhc8 25. a4 R8c4 26. b5 Rxd4 27.
a5 Kc7 28. Rac1 Rxc1 29. Rxc1+ Kb7 30. a6+ Kb6 31. Rc6+ Kxb5 32. Rc7 Rd2 33.
Rb7+ Kxa6 34. Rxf7 Rxe2 35. Rxg7 h5 36. Rh7 Re5 37. h3 Kb6 38. Kg2 a5 39. Rh8 a4
40. Rb8+ Ka5 41. Rb1 a3 42. Kf3 Ka4 43. Kf4 Re2 44. Kg5 Rxf2 45. Kxh5 a2 46. Ra1
Rb2 47. g4 Ka3 48. g5 Rb1 49. Rxa2+ Kxa2 50. Kg6 Rf1 51. h4 e5 52. Kh5 e4 53.
Kg4 e3 54. Kg3 e2 55. Kg2 e1=Q 56. g6 Rg1+ 57. Kf3 Rf1+ 58. Kg4 Qe4+ 59. Kh5
Qf5+ 60. Kh6 Rg1 61. Kh7 Qxg6+ 62. Kh8 Qh5# {White checkmated} 0-1

[Event "Team 45 45 League T41"]
[Site "Internet Chess Club"]
[Date "2009.05.14"]
[Round "3"]
[White "The-Capitalist"]
[Black "klt713"]
[Result "1-0"]
[WhiteElo "1182"]
[BlackElo "1109"]
[Opening "Sicilian defense"]
[ECO "B41"]
[Time "20:59:04"]
[TimeControl "2700+45"]

1. e4 c5 2. Nf3 e6 3. d4 cxd4 4. Nxd4 Bc5 5. Be3 Nf6 6. Nc3 d5 7. Bb5+ Bd7 8.
Bxd7+ Nbxd7 9. f3 e5 10. Nxd5 Nxd5 11. exd5 exd4 12. Bxd4 O-O 13. O-O Rc8 14.
Bxc5 Rxc5 15. b4 Rb5 16. a3 Re8 17. Qd4 Nb6 18. c4 Nxc4 19. Qxc4 Rxd5 20. Rae1
Rxe1 21. Rxe1 Qd7 22. Qxd5 Qc8 23. Qxb7 Qd8 24. Qxa7 Kf8 25. Qc5+ Kg8 26. b5 g6
27. b6 Qd2 28. Re8+ Kg7 29. b7 Qd1+ 30. Kf2 Qd7 31. b8=Q Qd2+ 32. Re2 Qh6 33.
Qbf8+ {Black resigns} 1-0

[Event "Team 45 45 League T41"]
[Site "Internet Chess Club"]
[Date "2009.05.13"]
[Round "3"]
[White "carolinaknight"]
[Black "furrbrain"]
[Result "0-1"]
[WhiteElo "1291"]
[BlackElo "1204"]
[Opening "French: advance, Nimzovich system"]
[ECO "C02"]
[Time "20:30:12"]
[TimeControl "2700+45"]

1. e4 e6 2. d4 d5 3. e5 c5 4. Nf3 Qb6 5. c3 Nc6 6. a3 Nge7 7. Be2 Nf5 8. Qc2
cxd4 9. Bd3 Bc5 10. O-O dxc3 11. Nxc3 O-O 12. Na4 Bxf2+ 13. Rxf2 Qc7 14. Re2 f6
15. Nc5 Ncd4 16. Nxe6 Qxc2 17. Rxc2 Bxe6 18. Rc7 fxe5 19. Nxe5 Nd6 20. Bd2 Nb3
21. Rd1 Nxd2 22. Rxd2 Rac8 23. Rdc2 a6 24. g4 Nc4 25. Bxc4 Rxc7 {White resigns}
0-1

[Event "Team 45 45 League T41"]
[Site "Internet Chess Club"]
[Date "2009.05.16"]
[Round "3"]
[White "JimGaming"]
[Black "Traho"]
[Result "1-0"]
[WhiteElo "1309"]
[BlackElo "1177"]
[Opening "Bishop's opening: Philidor counter-attack"]
[ECO "C23"]
[Time "17:03:15"]
[TimeControl "2700+45"]

1. e4 e5 2. Bc4 c6 3. d4 d5 4. exd5 cxd5 5. Bb3 e4 6. c4 Bb4+ 7. Nc3 Ne7 8. Bg5
f6 9. Be3 O-O 10. Ne2 Nd7 11. cxd5 Nb6 12. d6+ Ned5 13. O-O Re8 14. Nxd5 Be6 15.
Nxb4 Qxd6 16. Bxe6+ Rxe6 17. Qb3 Nd7 18. Nf4 {Black resigns} 1-0

[Event "Team 45 45 League T41"]
[Site "Internet Chess Club"]
[Date "2009.05.16"]
[Round "3"]
[White "jocooper"]
[Black "blkmagic"]
[Result "1-0"]
[WhiteElo "1159"]
[BlackElo "1217"]
[Opening "Queen's pawn game, Krause variation"]
[ECO "D02"]
[Time "11:09:36"]
[TimeControl "2700+45"]

1. d4 d5 2. Nf3 c5 3. c4 e6 4. Nc3 Qa5 5. Bd2 dxc4 6. Nd5 Qd8 7. Nc3 cxd4 8. Nb5
Nf6 9. Nfxd4 Bc5 10. e3 Nc6 11. Nf3 Qd5 12. Nc7+ Ke7 13. Nxd5+ Nxd5 14. Bxc4
Ndb4 15. O-O Rd8 16. a3 Nd5 17. Rc1 Nxe3 18. fxe3 Bxe3+ 19. Kh1 Na5 20. Bb4+ Ke8
21. Qe2 Bxc1 22. Rxc1 Nc6 23. Bc3 Kf8 24. Rf1 a6 25. Bd3 Kg8 26. Ne5 Nxe5 27.
Bxe5 Rd5 28. Rd1 f6 29. Bc7 e5 30. Bc4 {Black resigns} 1-0

[Event "Team 45 45 League T41"]
[Site "Internet Chess Club"]
[Date "2009.05.17"]
[Round "3"]
[White "MeansToAnEnd"]
[Black "WannaB"]
[Result "1-0"]
[WhiteElo "1131"]
[BlackElo "1121"]
[Opening "Sicilian defense"]
[ECO "B20"]
[Time "20:25:56"]
[TimeControl "2700+45"]

1. e4 c5 2. Na3 g6 3. d3 Bg7 4. Be3 d6 5. Nc4 b5 6. Nd2 Bxb2 7. Rb1 Bg7 8. Rxb5
a6 9. Rb1 Nc6 10. Nc4 Bb7 11. Rxb7 Na5 12. Nxa5 Qxa5+ 13. Bd2 Qd8 14. Be2 Nf6
15. h3 a5 16. Nf3 O-O 17. O-O e5 18. Qc1 Qc8 19. Rb1 a4 20. a3 Rb8 21. Bh6 Bxh6
22. Qxh6 Rxb1 23. Rxb1 Qe6 24. c4 Kh8 25. Ng5 Qe8 26. Rb6 Qe7 27. g4 Rg8 28. Nf3
Qf8 29. Qxf8 Rxf8 30. Rxd6 Ng8 31. Nxe5 Kg7 32. g5 Rb8 33. Rd7 Rb1+ 34. Kg2 Rb3
35. Rxf7+ Kh8 36. Rf8 Kg7 37. Rc8 Rxa3 38. Rc7+ Kf8 39. Rxc5 Rb3 40. d4 a3 41.
Ra5 h6 42. Nxg6+ Kg7 43. Bh5 hxg5 44. d5 Nf6 45. Ra7+ Kh6 46. Bd1 Rc3 47. Ne5
Nxe4 48. Ra6+ Kh7 49. d6 Rc1 50. d7 Rxd1 51. Ra7 Nf6 52. d8=Q+ Kh6 53. Qxd1 Ne4
54. Ra6+ Kh7 55. Qd7+ {Black resigns} 1-0

[Event "Team 45 45 League T41"]
[Site "Internet Chess Club"]
[Date "2009.05.15"]
[Round "3"]
[White "RancidTurnip"]
[Black "sere"]
[Result "0-1"]
[WhiteElo "1108"]
[BlackElo "933"]
[Opening "Caro-Kann: Panov-Botvinnik attack"]
[ECO "B13"]
[Time "13:00:20"]
[TimeControl "2700+45"]

1. e4 c6 2. d4 d5 3. exd5 cxd5 4. c4 Nf6 5. Nc3 Nc6 6. Nf3 Bg4 7. Be2 e6 8. O-O
Bb4 9. h3 Bxf3 10. Bxf3 Qd6 11. Re1 O-O 12. c5 Qd7 13. Bf4 Ba5 14. a3 Rfe8 15.
b4 Bc7 16. Bxc7 Qxc7 17. Nb5 Qd7 18. Nd6 Re7 19. Qd2 b6 20. Rab1 e5 21. Kf1 Nxd4
22. Re3 Nxf3 23. Rxf3 Ne4 24. Nxe4 dxe4 25. Qxd7 Rxd7 26. Re3 Rd4 27. Ke2 bxc5
28. bxc5 Kf8 29. Rd1 Rad8 30. Rxd4 Rxd4 31. f3 exf3+ 32. Kxf3 Rd5 33. c6 Rc5 34.
Ke4 f6 35. Rd3 Rxc6 36. g4 Ke7 37. Kf5 Rc4 38. g5 g6# {White checkmated} 0-1

[Event "Team 45 45 League T41"]
[Site "Internet Chess Club"]
[Date "2009.05.17"]
[Round "3"]
[White "AVEMARIA"]
[Black "SugarIslander"]
[Result "1-0"]
[WhiteElo "1694"]
[BlackElo "1714"]
[Opening "Scotch game"]
[ECO "C45"]
[Time "14:03:44"]
[TimeControl "2700+45"]

1. e4 e5 2. Nf3 Nc6 3. d4 exd4 4. Nxd4 Bc5 5. Nxc6 Qf6 6. Qd2 dxc6 7. Nc3 Be6 8.
Bd3 O-O-O 9. O-O Ne7 10. Qg5 Ng6 11. Qxc5 h6 12. Qxa7 Ne5 13. Be3 Qh4 14. Be2
Kd7 15. Rfd1+ Ke7 16. Rxd8 Rxd8 17. Qxb7 Rd7 18. Rd1 Bc4 19. Qb4+ Kf6 20. Rxd7
Nxd7 21. Bd4+ Kg6 22. Qxc4 c5 23. Be3 Ne5 24. Qxc5 Ng4 25. Qc6+ f6 26. Bxg4 Qxg4
27. Qxc7 h5 28. Qg3 f5 29. exf5+ Kxf5 30. Qxg4+ hxg4 31. h3 g5 32. hxg4+ Kxg4
33. Kh2 Kh4 34. a4 g4 35. Ne4 Kh5 36. a5 Kh4 37. a6 g3+ 38. fxg3+ Kg4 39. a7 Kh5
40. a8=Q Kg4 41. Qc8+ Kh5 42. Qe8+ Kg4 43. Qg6# {Black checkmated} 1-0

[Event "Team 45 45 League T41"]
[Site "Internet Chess Club"]
[Date "2009.05.16"]
[Round "3"]
[White "oldsj"]
[Black "TwentyMiles"]
[Result "0-1"]
[WhiteElo "1617"]
[BlackElo "1738"]
[Opening "Ruy Lopez: Archangelsk (counterthrust) variation"]
[ECO "C78"]
[Time "19:00:07"]
[TimeControl "2700+45"]

1. e4 Nc6 2. Nf3 e5 3. Bb5 a6 4. Ba4 Nf6 5. O-O b5 6. Bb3 Bb7 7. c3 Be7 8. Re1
O-O 9. d4 d6 10. Nbd2 Nd7 11. Nf1 Na5 12. Bc2 Re8 13. Ng3 c5 14. Nf5 Nc4 15. b3
Ncb6 16. d5 Bc8 17. a4 bxa4 18. bxa4 a5 19. Ba3 g6 20. Ne3 Nf6 21. Bd3 Rb8 22.
Bb5 Bd7 23. c4 Nxe4 24. Qc2 Nf6 25. Nd2 Rb7 26. Rab1 Ra7 27. Qb3 Qb8 28. Nef1
Kg7 29. Ng3 Qd8 30. Nde4 Bxb5 31. Qxb5 Nfd7 32. Bc1 f5 33. Nc3 e4 34. Qb3 Qb8
35. Nb5 Rb7 36. Bf4 Ne5 37. Qb2 Nxc4 38. Bxe5+ Nxe5 39. f4 exf3 40. gxf3 Bf6 41.
Qe2 Rbe7 42. Nxf5+ gxf5 43. Qg2+ Kh8 44. Nd4 Qxb1 45. Rxb1 Rg7 46. Qxg7+ Bxg7
47. Rb7 cxd4 {White resigns} 0-1

[Event "Team 45 45 League T41"]
[Site "Internet Chess Club"]
[Date "2009.05.16"]
[Round "3"]
[White "joshtournman"]
[Black "foodfight"]
[Result "0-1"]
[WhiteElo "1537"]
[BlackElo "1512"]
[Opening "Van't Kruijs opening"]
[ECO "A00"]
[Time "12:05:58"]
[TimeControl "2700+45"]

1. e3 Nf6 2. d4 c5 3. Nf3 e6 4. Bd3 b6 5. O-O Bb7 6. c4 Be7 7. Nc3 cxd4 8. exd4
d5 9. cxd5 Nxd5 10. Nxd5 Bxd5 11. Bb5+ Bc6 12. Qa4 Bxb5 13. Qxb5+ Qd7 14. Qxd7+
Kxd7 15. Ne5+ Ke8 16. Be3 f6 17. Nf3 Kf7 18. Rac1 Na6 19. a3 Rac8 20. b4 Bd6 21.
g3 Ke7 22. Nd2 Rxc1 23. Rxc1 Kd7 24. Nc4 Rc8 25. Nxd6 Rxc1+ 26. Bxc1 Kxd6 27.
Bf4+ Kd7 28. Kg2 Nc7 29. Bxc7 Kxc7 30. Kf3 b5 31. Ke4 Kd6 32. g4 g6 33. f4 f5+
34. gxf5 exf5+ 35. Ke3 Kd5 36. h3 h6 37. h4 a6 38. Kd3 h5 39. Kc3 Ke4 40. a4
bxa4 41. Kc4 a3 42. Kb3 a2 43. Kxa2 Kxd4 44. Kb3 Ke4 45. Ka4 Kxf4 46. Ka5 Kg4
47. Kxa6 f4 48. b5 f3 49. b6 f2 50. b7 f1=Q+ 51. Ka7 Qb1 52. b8=Q Qxb8+ 53. Kxb8
Kxh4 {White resigns} 0-1

[Event "Team 45 45 League T41"]
[Site "Internet Chess Club"]
[Date "2009.05.16"]
[Round "3"]
[White "Berkshires"]
[Black "GadsHill"]
[Result "0-1"]
[WhiteElo "1554"]
[BlackElo "1531"]
[Opening "Pirc defense"]
[ECO "B07"]
[Time "15:33:33"]
[TimeControl "2700+45"]

1. e4 d6 2. d4 Nf6 3. Nc3 Nbd7 4. Bc4 e5 5. dxe5 Nxe5 6. Bb3 Be7 7. Nf3 O-O 8.
Nxe5 dxe5 9. Nd5 Nxd5 10. exd5 Re8 11. O-O b6 12. Re1 Bc5 13. Be3 Qe7 14. Bxc5
Qxc5 15. c4 Bb7 16. Rc1 Rad8 17. Bc2 Qe7 18. Qe2 Qf6 19. Rcd1 Bc8 20. Rd3 Bf5
21. Re3 Bxc2 22. Qxc2 Re7 23. Rf3 Qd6 24. Rh3 h6 25. Rhe3 Rde8 26. Qe2 f5 27. f4
e4 28. g4 Qxf4 29. gxf5 Qxf5 30. Rf1 Qe5 31. b3 Qd4 32. Kh1 Rf8 33. Rxf8+ Kxf8
34. Qf2+ Qf6 35. Qe1 Qf4 36. Qe2 Qe5 37. Qd1 Rf7 38. Qe2 Rf4 39. Kg1 Qg5+ 40.
Rg3 Qf5 41. Re3 Rg4+ 42. Rg3 Rxg3+ 43. hxg3 g5 44. Qd1 Ke7 45. g4 Qf4 46. Qe2
Kd6 47. Qh2 Qxh2+ 48. Kxh2 Ke5 49. Kg3 Kd4 50. Kf2 Kd3 51. Ke1 Ke3 52. a3 Kd3
53. Kd1 Kc3 54. Ke2 Kxb3 55. Ke3 Kxc4 56. Kxe4 Kc5 57. Ke5 a5 58. Ke6 b5 59. Kf6
Kxd5 60. Kg6 Ke5 61. Kh5 b4 62. axb4 axb4 63. Kxh6 Kf4 64. Kh5 b3 65. Kh6 b2 66.
Kg6 b1=Q+ 67. Kh5 Qh7# {White checkmated} 0-1

[Event "Team 45 45 League T41"]
[Site "Internet Chess Club"]
[Date "2009.05.17"]
[Round "3"]
[White "Timotheous"]
[Black "Razorbackchess"]
[Result "0-1"]
[WhiteElo "1681"]
[BlackElo "1788"]
[Opening "English opening"]
[ECO "A05"]
[Time "18:08:46"]
[TimeControl "2700+45"]

1. Nf3 Nf6 2. c4 g6 3. b4 Bg7 4. Bb2 O-O 5. g3 d6 6. Bg2 c6 7. O-O Nbd7 8. d4
Qc7 9. a4 d5 10. c5 Ne4 11. Nbd2 Nxd2 12. Qxd2 Nf6 13. Rfe1 Ne4 14. Qc1 Bd7 15.
e3 f6 16. Nd2 Nxd2 17. Qxd2 e5 18. e4 dxe4 19. dxe5 f5 20. Qd6 Qxd6 21. cxd6
Rfe8 22. f4 exf3 23. Bxf3 Re6 24. Re2 g5 25. Bg2 Bf8 26. Bf1 Rae8 27. Ree1 Bxd6
28. Bc4 Bxb4 29. Bxe6+ Bxe6 30. Rec1 Rd8 31. Rd1 Bc5+ 32. Kg2 Bd5+ 33. Kf1 Kf7
34. e6+ Kxe6 35. Re1+ Kf7 36. Rad1 Bb4 37. Re2 Bg2+ 38. Kxg2 Rxd1 39. Rf2 Rd2
40. Bc1 Rxf2+ 41. Kxf2 h6 42. h4 Be7 43. h5 Ke6 44. Ke2 Bd6 45. Kf3 f4 46. gxf4
Bxf4 47. Bb2 Be5 48. Bc1 c5 49. Ke4 b6 50. Kd3 Kd5 51. Ke2 Kc4 52. Kf3 Kb3 53.
Ke4 Bf4 54. Bxf4 gxf4 55. Kxf4 c4 {White resigns} 0-1

[Event "Team 45 45 League T41"]
[Site "Internet Chess Club"]
[Date "2009.05.16"]
[Round "3"]
[White "kingphisch"]
[Black "basserben"]
[Result "0-1"]
[WhiteElo "1603"]
[BlackElo "1654"]
[Opening "Caro-Kann: exchange, Rubinstein variation"]
[ECO "B13"]
[Time "16:30:19"]
[TimeControl "2700+45"]

1. e4 c6 2. d4 d5 3. exd5 cxd5 4. Bd3 Nc6 5. c3 Nf6 6. Bf4 e6 7. Nf3 Bd6 8. Bxd6
Qxd6 9. O-O O-O 10. Re1 Re8 11. Ne5 Nd7 12. Bxh7+ Kf8 13. Nxc6 bxc6 14. Qf3 Nf6
15. Bd3 e5 16. dxe5 Rxe5 17. Nd2 Rh5 18. Qg3 Qc5 19. Nf3 Bf5 20. Bxf5 Rxf5 21.
Nd4 Rh5 22. Re5 Ne4 23. Qf4 Qd6 24. Rxe4 Qxf4 25. Rxf4 Rh6 26. Re1 Re8 27. Rxe8+
Kxe8 28. Rf3 c5 29. Nf5 Ra6 30. Re3+ Kf8 31. Re2 Rxa2 32. Kf1 g6 33. Nd6 d4 34.
cxd4 cxd4 35. Rd2 d3 36. Nc4 Ra1+ 37. Rd1 Rxd1# {White checkmated} 0-1

[Event "Team 45 45 League T41"]
[Site "Internet Chess Club"]
[Date "2009.05.18"]
[Round "3"]
[White "OGO"]
[Black "twintower"]
[Result "1-0"]
[WhiteElo "1601"]
[BlackElo "1456"]
[Opening "French: classical"]
[ECO "C13"]
[Time "15:00:09"]
[TimeControl "2700+45"]

1. e4 e6 2. d4 d5 3. Nc3 Nf6 4. Bg5 Be7 5. exd5 exd5 6. Nf3 Nc6 7. Be2 Bg4 8.
O-O O-O 9. a3 Qd7 10. Qd3 Bf5 11. Qd2 a6 12. Rac1 Bg4 13. Rfe1 Rfe8 14. Ne5 Nxe5
15. dxe5 Ne4 16. Nxe4 Bxe2 17. Rxe2 Bxg5 18. Nxg5 Qf5 19. Nf3 c6 20. Rce1 Re6
21. Nd4 {Black resigns} 1-0